 Dungeon Crawl Stone Soup version 0.31.0-9-g3a7656b989 (webtiles) character file.

Game seed: 16724735533565254054

58 qw the Shooter (level 3, -2/30 HPs)
             Began as a Deep Elf Hunter on Feb 2, 2024.
             Slain by a gnoll
             ... wielding a +0 club
              (3 damage)
             ... on level 3 of the Dungeon.
             The game lasted 00:00:06 (1486 turns).

qw the Shooter (Deep Elf Hunter)                    Turns: 1486, Time: 00:00:06

Health: -2/30      AC: 21    Str: 10    XL:     3   Next: 75%
Magic:  5/5        EV:  2    Int: 13    God:
Gold:   2          SH:  0    Dex: 18    Spells: 2/2 levels left

rFire   . . .        a - +0 shortbow
rCold   . . .        (shield currently unavailable)
rNeg    . . .        c - melded +0 ring mail of the Taurataur {Rampage +Inv Regen+ Str-5}
rPois   +            (helmet currently unavailable)
rElec   .            (cloak currently unavailable)
rCorr   .            (gloves currently unavailable)
SInv    .            (boots currently unavailable)
Will    .....        (no amulet)
Stlth   +            (no ring)
HPRegen 0.25/turn    (no ring)
MPRegen 0.09/turn

%: no passive effects
@: confused, tree-form
A: stationary, stasis, torment immunity, boosted hp
a: no special abilities


You were on level 3 of the Dungeon.
You were a tree.
You visited 1 branch of the dungeon, and saw 3 of its levels.

You collected 50 gold pieces.
You spent 48 gold pieces at shops.


   Skills:
 - Level 1.5 Fighting
 + Level 7.2 Ranged Weapons
 - Level 2.4 Dodging
 - Level 1.2 Stealth


You had 2 spell levels left.
You didn't know any spells.
Your spell library was empty.

Inventory:

Hand Weapons
 a - a +0 shortbow (weapon)
Armour
 c - the +0 ring mail of the Taurataur (melded) {Rampage +Inv Regen+ Str-5}
   (You found it on level 2 of the Dungeon)

   Str-5:     It affects your strength (-5).
   +Inv:      It lets you turn invisible.
   Regen+:    It increases your rate of health regeneration.
   Rampage:   It bestows one free step when moving towards enemies.
Potions
 b - a potion of might
 e - a potion of haste

Dungeon Overview and Level Annotations

Branches:
Dungeon (3/15)

Altars:
Qazlal

Shops:
D:2 ?


Message History

The jackal bites you but does no damage.
The jackal bites you.
Something hits you but does no damage. x2
A gnoll comes into view. It is wielding a +1 heavy spear.
Something hits you but does no damage. The orc hits you but does no damage.
The jackal bites you but does no damage. x2
Something hits you but does no damage.
The jackal bites you but does no damage.
The gnoll hits you from afar with a +0 halberd.
Something hits you but does no damage. The orc hits you with a +0 hand axe.
The jackal bites you but does no damage.
The jackal bites you but does no damage. x2
Something hits you. The orc hits you but does no damage.
The gnoll hits you from afar with a +0 halberd.
You hear some strange, mumbled words.
Something tries to affect you, but you resist.
You hear some strange, mumbled words.
The jackal bites you but does no damage. x2
Something hits you but does no damage. The orc hits you but does no damage.
Something hits you but does no damage.
You hear some strange, mumbled words.
You are more confused.
The ribbon worm expels a string of sticky webbing.
The stream of webbing hits something but does no damage.
The jackal bites you but does no damage.
The jackal bites you but does no damage. x2
Something hits you but does no damage.
Something you can't see is thrashing in a web.
Something hits you but does no damage. The orc hits you but does no damage.
The jackal bites you but does no damage.
The gnoll hits you from afar with a +0 halberd!
The jackal bites you but does no damage. x2
Something hits you but does no damage. The orc hits you but does no damage.
Something hits you but does no damage.
Something hits the gnoll but does no damage.
The gnoll hits you but does no damage.
The jackal bites you but does no damage. x2
Something hits you.
The jackal bites you but does no damage.
Something hits you but does no damage. The gnoll hits you with a +0 club.
You die...

..####.........#
.###..[......<.......#
.......####.........#
..).#..# ####..#####
.> ....#.# ##.## ...
..w..# ##..#
.!..##.{..# ##..##
...ggg{gh.# #..##
#J{7h.###.##
###o...##.# ##...##.#
###.####.# #........#
#........# #........#
#...<....# #........#


You could see a ribbon worm, 4 gnolls, an orc, an endoplasm and 2 jackals.

Vanquished Creatures
  A gnoll (D:1)
  A dart slug (D:2)
  A ribbon worm (D:2)
  3 ball pythons (D:1)
  4 bats
  3 endoplasms
  4 goblins
  5 hobgoblins (D:1)
  2 jackals (D:2)
  4 kobolds
  5 quokkas
  4 frilled lizards (D:1)
  A rat (D:2)
38 creatures vanquished.

Notes
Turn   | Place    | Note
-------+----------+-------------------------------------------
     0 | D:1      | qw the Deep Elf Hunter began the quest for the Orb.
     0 | D:1      | Reached XP level 1. HP: 12/12 MP: 3/3
     0 | D:1      | 0 ||| qw: Version: 0.3-a-155-g5e7d8dd
     0 | D:1      | 0 ||| qw: Game counter: 103
     0 | D:1      | 0 ||| qw: Melee chars always use a shield: true
     0 | D:1      | 0 ||| qw: God list: Okawaru
     0 | D:1      | 0 ||| qw: Allow faded altars: false
     0 | D:1      | 0 ||| qw: Do Orc after clearing Dungeon:15 true
     0 | D:1      | 0 ||| qw: Do second Lair branch before Depths: true
     0 | D:1      | 0 ||| qw: Lair rune preference: random
     0 | D:1      | 0 ||| qw: Goals: Normal
     0 | D:1      | 0 ||| PLANNING D:1-11
   125 | D:1      | Reached skill level 6 in Ranged Weapons
   125 | D:1      | Reached XP level 2. HP: 16/16 MP: 4/4
   535 | D:1      | Found a faded altar of an unknown god.
   618 | D:1      | Reached XP level 3. HP: 8/20 MP: 5/5
   737 | D:1      | 737 ||| UPGRADING to +0 ring mail.
   747 | D:1      | 747 ||| DROPPING +0 leather armour.
   748 | D:1      | 748 ||| READING scroll labelled NUOLEE GIFO.
   752 | D:1      | 752 ||| READING scroll labelled ILUATH GUDGHOE.
   752 | D:1      | 752 ||| IDENTIFYING bubbling puce potion
   753 | D:1      | 753 ||| READING scroll labelled FIAM WETZAQUER.
   754 | D:1      | 754 ||| DROPPING scroll of butterflies.
   988 | D:2      | Reached skill level 7 in Ranged Weapons
  1001 | D:2      | Found a stormy altar of Qazlal.
  1007 | D:2      | Identified the +0 ring mail of the Taurataur {Rampage +Inv
                  | Regen+ Str-5}
  1090 | D:2      | Found Ikhloniaj's Magic Scroll Boutique.
  1097 | D:2      | 1097 ||| BUYING scroll of identify (24 gold).
  1097 | D:2      | Bought a scroll of identify for 24 gold pieces
  1097 | D:2      | 1097 ||| BUYING scroll of identify (24 gold).
  1097 | D:2      | Bought a scroll of identify for 24 gold pieces
  1097 | D:2      | 1097 ||| SHOPLISTING scroll of identify (24 gold, have 2).
  1097 | D:2      | 1097 ||| SHOPLISTING scroll of teleportation (36 gold, have
                  | 2).
  1409 | D:2      | 1409 ||| UPGRADING to +0 ring mail of the Taurataur
                  | {Rampage +Inv Regen+ Str-5}.
  1419 | D:2      | 1419 ||| DROPPING +0 ring mail.
  1420 | D:2      | 1420 ||| READING 2 scrolls of identify.
  1420 | D:2      | 1420 ||| IDENTIFYING white potion
  1421 | D:2      | 1421 ||| READING scroll of identify.
  1421 | D:2      | 1421 ||| IDENTIFYING orange potion
  1422 | D:2      | 1422 ||| READING scroll labelled SAKOYSMIAGE.
  1431 | D:2      | 1431 ||| DROPPING potion of brilliance.
  1470 | D:3      | 1470 ||| DRINKING fuming sapphire potion.
  1484 | D:3      | HP: 3/30 [gnoll/+0 halberd (7)]
  1486 | D:3      | HP: 1/30 [something (3)]
  1486 | D:3      | Slain by a gnoll

Levels and vault maps discovered:
D:1:      dpeg_arrival_oval, layout_basic, basic_ecumenical_altar
D:2:      layout_loops_ring, basic_altar, serial_shops, shop
D:3:      layout_rooms, serial_shops, shop, minmay_splitting_lines,
          kennysheep_jessica_study

Skill      XL: |  1  2  3 |
---------------+----------+-----
Ranged Weapons | 6 7 |  7.2
Fighting       | |  1.5
Dodging        | |  2.4
Stealth        | |  1.2

Action                     || total
---------------------------++-------
   Fire: Shortbow          ||    99
    Use: Scroll            ||     6
         Potion            ||     1
 Armour: Leather armour    ||     5
         Skin              ||    87
         Ring mail         ||     6
  Dodge: Dodged            ||    15

Table legend:
 A = Non-vault XP
 B = Vault XP
 C = Vault XP percentage of total XP
 D = Non-vault monster count
 E = Vault monster count
 F = Vault count percentage of total count
                 A         B        C        D         E       F
            +---------+---------+-------+---------+---------+-------
      Total |      83 |       0 |   0.0 |      38 |       0 |   0.0
            +---------+---------+-------+---------+---------+-------
        D:1 |      52 |       0 |   0.0 |      24 |       0 |   0.0
        D:2 |      29 |       0 |   0.0 |      13 |       0 |   0.0
        D:3 |       2 |       0 |   0.0 |       1 |       0 |   0.0
            +---------+---------+-------+---------+---------+-------
